 Dungeon Crawl Stone Soup version 0.21-a0-329-g12f17e1 (webtiles) character file.

9219 tidbits the Infuser (level 11, -8/86 HPs)
             Began as a Gnoll Skald on Oct 1, 2017.
             Was a High Priest of Cheibriados.
             Mangled by a troll (11 damage)
             ... on level 1 of the Orcish Mines.
             The game lasted 00:36:05 (4892 turns).

tidbits the Infuser (Gnoll Skald)                   Turns: 4892, Time: 00:36:06

Health: -8/86      AC:  9    Str: 25    XL:     11   Next: 43%
Magic:  9/23       EV: 20    Int: 31    God:    Cheibriados [*****.]
Gold:   372        SH:  0    Dex: 27    Spells: 16/26 levels left

rFire    . . .     SeeInvis .   a - +5 broad axe (drain)
rCold    + . .     Gourm    .   (no shield)
rNeg     . . .     Faith    +   B - +0 troll leather armour
rPois    .         Spirit   .   E - +2 helmet
rElec    .         Reflect  .   (no cloak)
rCorr    .         Harm     .   G - +0 pair of gloves
MR       .....                  (no boots)
Stlth    ++++......             T - amulet of faith
HPRegen  1.64/turn              z - +1 ring of slaying
MPRegen  0.18/turn              J - ring of protection from cold

@: singing, regenerating, very slow
A: distributed training, fangs 1, strong nose
a: Bend Time, Temporal Distortion, Slouch, Step From Time, Renounce Religion


You were on level 1 of the Orcish Mines.
You worshipped Cheibriados.
Cheibriados was extremely pleased with you.
You were not hungry.

You visited 3 branches of the dungeon, and saw 14 of its levels.

You collected 575 gold pieces.
You spent 203 gold pieces at shops.

Inventory:

Hand Weapons
 a - a +5 broad axe of draining (weapon)
   (You bought it in a shop on level 5 of the Dungeon)
 Q - the +4 dagger "Newtslayer" {drain, rF+ rC+ Str+4}
   (You found it on level 9 of the Dungeon)

   A truly terrible weapon, it drains the life of those it strikes.
   It affects your strength (+4).
   It protects you from fire.
   It protects you from cold.
Missiles
 n - 152 arrows
 y - 20 tomahawks (quivered)
 W - 2 throwing nets {!f}
Armour
 B - a +0 troll leather armour (worn)
 E - a +2 helmet (worn)
 G - a +0 pair of gloves (worn)
Magical Staves
 w - an uncursed staff of wizardry {!a}
   (You found it on level 11 of the Dungeon)
Jewellery
 t - an uncursed ring of positive energy
   (You found it on level 2 of the Dungeon)
 z - a +1 ring of slaying (left hand)
   (You found it on level 11 of the Dungeon)
 F - an uncursed ring of protection from fire
   (You found it on level 4 of the Dungeon)
 J - a ring of protection from cold (right hand)
   (You found it on level 4 of the Dungeon)
 T - an amulet of faith (around neck)
   (You found it on level 8 of the Dungeon)
 X - an uncursed amulet of magic regeneration
   (You found it on level 7 of the Dungeon)
Wands
 l - a wand of enslavement (23/24)
 m - a wand of lightning (2/15)
 v - a wand of flame (18/48)
 L - a wand of polymorph (15/24)
 M - a wand of lightning (3/15)
 N - a wand of iceblast (10/15)
 P - a wand of acid (5/15)
 U - a wand of iceblast (7/15)
 Z - a wand of iceblast (6/15)
Scrolls
 h - a scroll of magic mapping
 k - a scroll of recharging
 r - 6 scrolls of remove curse
 D - 2 scrolls of immolation
 R - 2 scrolls of fear
 V - 2 scrolls of teleportation
 Y - a scroll of torment {unknown}
Potions
 e - 4 potions of lignification
 f - 2 potions of curing
 g - a potion of degeneration {unknown}
 i - 2 potions of invisibility
 p - 2 potions of cancellation
 q - a potion of magic
 u - 2 potions of brilliance {unknown}
 x - a potion of resistance {unknown}
 H - a potion of heal wounds {unknown}
 I - 2 potions of agility {unknown}
 S - a potion of mutation {unknown}
Books
 C - a book of Conjurations
   (You found it on level 11 of the Dungeon)

   Spells                             Type                      Level
   a - Magic Dart                     Conjuration                  1
   b - Searing Ray                    Conjuration                  2
   c - Dazzling Spray                 Conjuration/Hexes            3
   d - Fulminant Prism                Conjuration/Hexes            4
   e - Force Lance                    Conjuration/Translocation    4
   f - Iskenderun's Mystic Blast      Conjuration                  4
Comestibles
 d - 8 bread rations


   Skills:
 + Level 7.8 Fighting
 + Level 6.2 Short Blades
 + Level 7.8 Long Blades
 + Level 6.2 Axes
 + Level 6.2 Maces & Flails
 + Level 6.2 Polearms
 + Level 6.2 Staves
 + Level 6.2 Slings
 + Level 6.2 Bows
 + Level 6.2 Crossbows
 + Level 6.2 Throwing
 + Level 6.7 Armour
 + Level 7.8 Dodging
 + Level 6.2 Stealth
   Level 0.0 Stabbing
 + Level 6.2 Shields
   Level 0.0 Traps
 + Level 6.2 Unarmed Combat
 + Level 8.0 Spellcasting
 + Level 6.2 Conjurations
 + Level 6.2 Hexes
 + Level 9.1 Charms
 + Level 6.2 Summonings
 + Level 6.2 Necromancy
 + Level 6.2 Translocations
 + Level 6.2 Transmutations
 + Level 6.2 Fire Magic
 + Level 6.2 Ice Magic
 + Level 6.2 Air Magic
 + Level 6.2 Earth Magic
 + Level 6.2 Poison Magic
 + Level 6.2 Invocations
 + Level 6.2 Evocations


You had 16 spell levels left.
You knew the following spells:

 Your Spells              Type           Power        Failure   Level  Hunger
g - Shroud of Golubria    Chrm/Tloc      ######....   1%          2    None
r - Regeneration          Chrm/Necr      ######....   1%          3    None
w - Spectral Weapon       Hex/Chrm       ######..     1%          3    None
y - Song of Slaying       Chrm           ######..     1%          2    None


Dungeon Overview and Level Annotations

Branches:
Dungeon (12/15)            Temple (1/1) D:5            Lair (0/6) D:11
    Orc (1/2) D:12

Altars:
Ashenzari
Cheibriados
Dithmenos
Elyvilon
Fedhas
Gozag
Hepliaklqana
Kikubaaqudgha
Makhleb
Nemelex Xobeh
Okawaru
Qazlal
Ru
Sif Muna
Trog
Uskayaw
Vehumet
Wu Jian
Xom
Yredelemnul
Zin
The Shining One
Beogh

Shops:
D:5 (


Innate Abilities, Weirdness & Mutations

Your experience applies equally to all skills.
You have very sharp teeth.
Your uncanny sense of smell can sniff out nearby items.


Message History

You barely miss the ynoxinul. The orc warrior barely misses you.
The orc warrior closely misses you. The orc warrior misses you.
The ynoxinul gestures.
You hear a shout!
The warg misses you.
The orc warrior hits you with a trident.
The orc warrior hits you with a scimitar.
The orc warrior hits you with a glaive!
The ynoxinul hits you but does no damage.
The orc sorcerer wildly gestures.
The orc sorcerer's hands start to glow.
The orc sorcerer gestures wildly while chanting.
The orc warlord roars a battlecry!
The warg closely misses you.
The orc warrior hits you but does no damage.
The orc warlord roars a battlecry!
The ynoxinul barely misses you. The warg closely misses you.
An orc wizard comes into view. It is wielding a dagger.
Things that are here:
a dagger; a robe; an orc corpse Unknown command.
You barely miss the orc sorcerer.
The orc sorcerer is severely wounded.
You slash the ynoxinul! You slash the warg!
You kill the warg!
Cheibriados appreciates the change of pace.
You completely miss the ufetubus. You closely miss the orc warrior.
You completely miss the orc warrior. You slash the orc warrior!
You kill the orc warrior!
Cheibriados appreciates the change of pace.
Your base Spellcasting skill increases to level 8!
The ufetubus misses you. The ufetubus hits you.
The orc wizard gestures wildly while chanting.
The orc wizard blinks!
The orc warrior completely misses you. The ufetubus misses you.
The ufetubus completely misses you.
The ynoxinul hits you but does no damage.
The orc warlord roars a battlecry!
The orc wizard goes into a battle-frenzy!
The orc warrior completely misses you. The ufetubus completely misses you.
The ufetubus misses you. The orc warrior completely misses you.
An orc warrior comes into view. It is wielding an enchanted hand axe.
You slash the orc sorcerer! You bite the orc sorcerer.
You kill the orc sorcerer!
Cheibriados appreciates the change of pace.
The ynoxinul disappears in a puff of smoke!
The ufetubus disappears in a puff of smoke! x2
The neqoxec disappears in a puff of smoke!
Your life force feels restored.
You hit the orc warrior. You drain the orc warrior!
You hit the orc warrior but do no damage.
You drain the orc warrior!
You hear a shout!
The orc warrior completely misses you.
The orc warlord unwields an uncursed broad axe of flaming.
It stops flaming.
The orc warlord wields an arbalest.
The orc warlord shoots a bolt.
The bolt hits you!!!
* * * LOW HITPOINT WARNING * * *
The orc warrior barely misses you.
The orc wizard looks braver for a moment.
The orc warrior hits you with a short sword!
* * * LOW HITPOINT WARNING * * *
The orc warrior completely misses you.
An orc and an orc warrior come into view.
Unknown command.
You can feel time thicken for a moment.
You kill the orc warrior!
Cheibriados appreciates the change of pace.
You kill the orc wizard!
Cheibriados thoroughly appreciates the change of pace.
You kill the orc warrior!
Cheibriados thoroughly appreciates the change of pace.
You kill the orc warrior!
Cheibriados thoroughly appreciates the change of pace.
You kill the orc!
Cheibriados appreciates the change of pace.
You kill the orc wizard!
Cheibriados appreciates the change of pace.
You kill the orc!
Cheibriados appreciates the change of pace.
You feel somewhat more hungry.
Cheibriados lowers the support of your attributes as your movement quickens.
You hear a shout! x4
The orc warlord roars a battlecry!
The troll bites you.
* * * LOW HITPOINT WARNING * * *
The troll completely misses you. The troll claws you but does no damage.
Unknown command.
You feel better.
You hear a shout!
The orc warlord roars a battlecry!
The orc priest goes into a battle-frenzy!
The troll barely misses you. The troll closely misses you.
The troll barely misses you.
An orc, an orc warrior and an orc priest come into view.
Okay, then.
The orc warlord shoots a bolt.
The bolt hits you!!
* * * LOW HITPOINT WARNING * * *
The troll completely misses you. x3; The orc throws a tomahawk.
The tomahawk misses you. The troll bites you!
You die...

... .. .... #.
.... ##.##
#.... #....#
.....# ∆.....#.
......# .......
.....#.#.....#.
......T@†......
..$...)(.....#.
......))))...#
.......oo....#
.......)o....#
.......)......#
.o.......$...##
o)o..........#
..........†.#.


You could see an orc warlord, a troll, 3 orc warriors, an orc priest and an orc.

Vanquished Creatures
  Pikel (D:6)
  2 orc sorcerers (Orc:1)
  2 rust devils (D:8)
  A centaur skeleton (D:11)
  A queen bee (D:9)
  3 trolls
  A hippogriff (D:6)
  A vampire (D:7)
  A wyvern (D:10)
  2 wargs (Orc:1)
  A water moccasin (D:8)
  A sky beast (D:9)
  8 orc warriors
  3 black bears (D:10)
  2 phantoms
  2 necrophages
  6 ogres
  A crocodile (D:11)
  4 centaurs
  2 big kobolds (D:10)
  3 bullfrogs
  A scorpion (D:9)
  21 killer bees
  9 wights
  5 howler monkeys
  An electric eel (D:12)
  3 crimson imps
  2 centaur zombies (D:6)
  A bullfrog zombie (D:5)
  2 hounds
  5 orc priests
  3 jellies
  A bullfrog skeleton (D:11)
  2 orc wizards (Orc:1)
  Jessica (D:3)
  8 worker ants
  2 iguanas
  A hound zombie (D:11)
  2 hound skeletons (D:8)
  2 worker ant zombies
  Robin (D:2)
  11 adders
  2 shadow imps
  3 worms
  A leopard gecko (D:11)
  40 orcs
  6 giant cockroaches
  12 goblins
  10 hobgoblins
  21 jackals
  4 quokkas
  6 bats
  4 frilled lizards
  9 kobolds
  A leopard gecko skeleton (D:6)
  7 rats
258 creatures vanquished.

Vanquished Creatures (others)
  A worker ant (D:6)
  A spectral weapon (D:6)
2 creatures vanquished.

Grand Total: 260 creatures vanquished

Notes
Turn   | Place    | Note
-------+----------+-------------------------------------------
     0 | D:1      | tidbits the Gnoll Skald began the quest for the Orb.
     0 | D:1      | Reached XP level 1. HP: 20/20 MP: 6/6
    40 | D:1      | Reached XP level 2. HP: 25/26 MP: 1/7
    53 | D:1      | Learned a level 2 spell: Song of Slaying
    56 | D:1      | Learned a level 2 spell: Shroud of Golubria
   439 | D:2      | Reached XP level 3. HP: 24/31 MP: 9/9
   450 | D:2      | Found a radiant altar of Vehumet.
   451 | D:2      | Found a burning altar of Makhleb.
   461 | D:2      | Reached skill level 5 in Spellcasting
   560 | D:2      | Learned a level 3 spell: Regeneration
   564 | D:2      | Learned a level 3 spell: Spectral Weapon
   704 | D:3      | Reached skill level 1 in Short Blades
   704 | D:3      | Reached skill level 1 in Axes
   704 | D:3      | Reached skill level 1 in Maces & Flails
   704 | D:3      | Reached skill level 1 in Polearms
   704 | D:3      | Reached skill level 1 in Staves
   704 | D:3      | Reached skill level 1 in Slings
   704 | D:3      | Reached skill level 1 in Bows
   704 | D:3      | Reached skill level 1 in Crossbows
   704 | D:3      | Reached skill level 1 in Throwing
   704 | D:3      | Reached skill level 1 in Stealth
   704 | D:3      | Reached skill level 1 in Shields
   704 | D:3      | Reached skill level 1 in Unarmed Combat
   704 | D:3      | Reached skill level 1 in Conjurations
   704 | D:3      | Reached skill level 1 in Hexes
   704 | D:3      | Reached skill level 1 in Summonings
   704 | D:3      | Reached skill level 1 in Necromancy
   704 | D:3      | Reached skill level 1 in Translocations
   704 | D:3      | Reached skill level 1 in Transmutations
   704 | D:3      | Reached skill level 1 in Fire Magic
   704 | D:3      | Reached skill level 1 in Ice Magic
   704 | D:3      | Reached skill level 1 in Air Magic
   704 | D:3      | Reached skill level 1 in Earth Magic
   704 | D:3      | Reached skill level 1 in Poison Magic
   704 | D:3      | Reached skill level 1 in Invocations
   704 | D:3      | Reached skill level 1 in Evocations
   712 | D:3      | Noticed Jessica
   716 | D:3      | Reached XP level 4. HP: 31/38 MP: 1/11
   723 | D:3      | Killed Jessica
   779 | D:3      | Found a shimmering altar of Xom.
   783 | D:3      | Found a white marble altar of Elyvilon.
   832 | D:3      | Reached XP level 5. HP: 28/43 MP: 6/12
   936 | D:2      | Noticed Robin
   956 | D:2      | Killed Robin
  1054 | D:2      | Reached skill level 3 in Armour
  1208 | D:4      | Reached XP level 6. HP: 32/50 MP: 7/13
  1326 | D:4      | Found a shattered altar of Ashenzari.
  1546 | D:5      | Entered Level 5 of the Dungeon
  1552 | D:5      | Found a deep blue altar of Sif Muna.
  1598 | D:5      | Reached skill level 5 in Fighting
  1598 | D:5      | Reached skill level 5 in Long Blades
  1598 | D:5      | Reached skill level 5 in Dodging
  1642 | D:5      | Reached skill level 2 in Short Blades
  1642 | D:5      | Reached skill level 2 in Axes
  1642 | D:5      | Reached skill level 2 in Maces & Flails
  1642 | D:5      | Reached skill level 2 in Polearms
  1642 | D:5      | Reached skill level 2 in Staves
  1642 | D:5      | Reached skill level 2 in Slings
  1642 | D:5      | Reached skill level 2 in Bows
  1642 | D:5      | Reached skill level 2 in Crossbows
  1642 | D:5      | Reached skill level 2 in Throwing
  1642 | D:5      | Reached skill level 2 in Stealth
  1642 | D:5      | Reached skill level 2 in Shields
  1642 | D:5      | Reached skill level 2 in Unarmed Combat
  1642 | D:5      | Reached skill level 2 in Conjurations
  1642 | D:5      | Reached skill level 2 in Hexes
  1642 | D:5      | Reached skill level 2 in Summonings
  1642 | D:5      | Reached skill level 2 in Necromancy
  1642 | D:5      | Reached skill level 2 in Translocations
  1642 | D:5      | Reached skill level 2 in Transmutations
  1642 | D:5      | Reached skill level 2 in Fire Magic
  1642 | D:5      | Reached skill level 2 in Ice Magic
  1642 | D:5      | Reached skill level 2 in Air Magic
  1642 | D:5      | Reached skill level 2 in Earth Magic
  1642 | D:5      | Reached skill level 2 in Poison Magic
  1642 | D:5      | Reached skill level 2 in Invocations
  1642 | D:5      | Reached skill level 2 in Evocations
  1714 | D:6      | Noticed Pikel
  1714 | D:6      | Noticed a slave
  1714 | D:6      | Noticed a slave
  1715 | D:6      | Noticed a slave
  1719 | D:6      | Noticed a slave
  1749 | D:6      | Killed Pikel
  1749 | D:6      | Reached skill level 7 in Charms
  1749 | D:6      | Reached XP level 7. HP: 51/56 MP: 3/15
  1814 | D:6      | Reached XP level 8. HP: 38/63 MP: 3/16
  1895 | D:5      | Found an ornate altar of the Wu Jian Council.
  1908 | D:5      | Found Wijisiuf's Antique Weapon Shoppe.
  1929 | D:5      | Bought a runed broad axe for 203 gold pieces
  1938 | D:5      | Found a hazy altar of Hepliaklqana.
  1942 | D:5      | Reached skill level 4 in Armour
  1951 | D:5      | Reached skill level 3 in Short Blades
  1951 | D:5      | Reached skill level 3 in Axes
  1951 | D:5      | Reached skill level 3 in Maces & Flails
  1951 | D:5      | Reached skill level 3 in Polearms
  1951 | D:5      | Reached skill level 3 in Staves
  1951 | D:5      | Reached skill level 3 in Slings
  1951 | D:5      | Reached skill level 3 in Bows
  1951 | D:5      | Reached skill level 3 in Crossbows
  1951 | D:5      | Reached skill level 3 in Throwing
  1951 | D:5      | Reached skill level 3 in Stealth
  1951 | D:5      | Reached skill level 3 in Shields
  1951 | D:5      | Reached skill level 3 in Unarmed Combat
  1951 | D:5      | Reached skill level 3 in Conjurations
  1951 | D:5      | Reached skill level 3 in Hexes
  1951 | D:5      | Reached skill level 3 in Summonings
  1951 | D:5      | Reached skill level 3 in Necromancy
  1951 | D:5      | Reached skill level 3 in Translocations
  1951 | D:5      | Reached skill level 3 in Transmutations
  1951 | D:5      | Reached skill level 3 in Fire Magic
  1951 | D:5      | Reached skill level 3 in Ice Magic
  1951 | D:5      | Reached skill level 3 in Air Magic
  1951 | D:5      | Reached skill level 3 in Earth Magic
  1951 | D:5      | Reached skill level 3 in Poison Magic
  1951 | D:5      | Reached skill level 3 in Invocations
  1951 | D:5      | Reached skill level 3 in Evocations
  2061 | D:5      | Found a staircase to the Ecumenical Temple.
  2070 | Temple   | Entered the Ecumenical Temple
  2106 | Temple   | Became a worshipper of Cheibriados the Contemplative
  2245 | D:8      | Reached skill level 6 in Spellcasting
  2346 | D:8      | Found an ancient bone altar of Kikubaaqudgha.
  2346 | D:8      | Found an iron altar of Okawaru.
  2385 | D:7      | Noticed a vampire
  2394 | D:7      | Killed a vampire
  2672 | D:8      | Reached XP level 9. HP: 69/69 MP: 14/18
  2688 | D:8      | Reached * piety under Cheibriados
  2688 | D:8      | Reached skill level 6 in Fighting
  2688 | D:8      | Reached skill level 6 in Long Blades
  2688 | D:8      | Reached skill level 6 in Dodging
  2955 | D:6      | Reached skill level 4 in Short Blades
  2955 | D:6      | Reached skill level 4 in Axes
  2955 | D:6      | Reached skill level 4 in Maces & Flails
  2955 | D:6      | Reached skill level 4 in Polearms
  2955 | D:6      | Reached skill level 4 in Staves
  2955 | D:6      | Reached skill level 4 in Slings
  2955 | D:6      | Reached skill level 4 in Bows
  2955 | D:6      | Reached skill level 4 in Crossbows
  2955 | D:6      | Reached skill level 4 in Throwing
  2955 | D:6      | Reached skill level 4 in Stealth
  2955 | D:6      | Reached skill level 4 in Shields
  2955 | D:6      | Reached skill level 4 in Unarmed Combat
  2955 | D:6      | Reached skill level 4 in Conjurations
  2955 | D:6      | Reached skill level 4 in Hexes
  2955 | D:6      | Reached skill level 4 in Summonings
  2955 | D:6      | Reached skill level 4 in Necromancy
  2955 | D:6      | Reached skill level 4 in Translocations
  2955 | D:6      | Reached skill level 4 in Transmutations
  2955 | D:6      | Reached skill level 4 in Fire Magic
  2955 | D:6      | Reached skill level 4 in Ice Magic
  2955 | D:6      | Reached skill level 4 in Air Magic
  2955 | D:6      | Reached skill level 4 in Earth Magic
  2955 | D:6      | Reached skill level 4 in Poison Magic
  2955 | D:6      | Reached skill level 4 in Invocations
  2955 | D:6      | Reached skill level 4 in Evocations
  3219 | D:9      | Reached skill level 5 in Armour
  3245 | D:8      | Noticed a rust devil
  3245 | D:8      | Noticed a rust devil
  3253 | D:8      | Killed a rust devil
  3253 | D:8      | Reached skill level 8 in Charms
  3257 | D:8      | Killed a rust devil
  3257 | D:8      | Reached ** piety under Cheibriados
  3259 | D:8      | Reached skill level 7 in Spellcasting
  3259 | D:8      | Reached XP level 10. HP: 19/77 MP: 10/20
  3375 | D:9      | Reached skill level 5 in Short Blades
  3375 | D:9      | Reached skill level 5 in Axes
  3375 | D:9      | Reached skill level 5 in Maces & Flails
  3375 | D:9      | Reached skill level 5 in Polearms
  3375 | D:9      | Reached skill level 5 in Staves
  3375 | D:9      | Reached skill level 5 in Slings
  3375 | D:9      | Reached skill level 5 in Bows
  3375 | D:9      | Reached skill level 5 in Crossbows
  3375 | D:9      | Reached skill level 5 in Throwing
  3375 | D:9      | Reached skill level 5 in Stealth
  3375 | D:9      | Reached skill level 5 in Shields
  3375 | D:9      | Reached skill level 5 in Unarmed Combat
  3375 | D:9      | Reached skill level 5 in Conjurations
  3375 | D:9      | Reached skill level 5 in Hexes
  3375 | D:9      | Reached skill level 5 in Summonings
  3375 | D:9      | Reached skill level 5 in Necromancy
  3375 | D:9      | Reached skill level 5 in Translocations
  3375 | D:9      | Reached skill level 5 in Transmutations
  3375 | D:9      | Reached skill level 5 in Fire Magic
  3375 | D:9      | Reached skill level 5 in Ice Magic
  3375 | D:9      | Reached skill level 5 in Air Magic
  3375 | D:9      | Reached skill level 5 in Earth Magic
  3375 | D:9      | Reached skill level 5 in Poison Magic
  3375 | D:9      | Reached skill level 5 in Invocations
  3375 | D:9      | Reached skill level 5 in Evocations
  3392 | D:9      | Reached *** piety under Cheibriados
  3392 | D:9      | HP: 11/115 [worker ant (3)]
  3441 | D:9      | Reached skill level 7 in Fighting
  3441 | D:9      | Reached skill level 7 in Long Blades
  3441 | D:9      | Reached skill level 7 in Dodging
  3552 | D:9      | Found a bloodstained altar of Trog.
  3559 | D:9      | Found a basalt altar of Yredelemnul.
  3589 | D:9      | Got a slimy dagger
  3590 | D:9      | Identified the +4 dagger "Newtslayer" {drain, rF+ rC+ Str+4} (You found it on level 9 of the Dungeon)
  3608 | D:9      | Found a shadowy altar of Dithmenos.
  3692 | D:10     | Entered Level 10 of the Dungeon
  3805 | D:10     | Reached **** piety under Cheibriados
  3838 | D:10     | Reached skill level 6 in Armour
  4327 | D:11     | Reached XP level 11. HP: 79/84 MP: 22/22
  4328 | D:11     | Reached ***** piety under Cheibriados
  4441 | D:11     | Found a staircase to the Lair.
  4786 | D:12     | Found a roughly hewn altar of Beogh.
  4788 | D:12     | Found a staircase to the Orcish Mines.
  4880 | Orc:1    | Entered Level 1 of the Orcish Mines
  4880 | Orc:1    | Noticed an orc warlord
  4880 | Orc:1    | Noticed an orc sorcerer
  4880 | Orc:1    | Noticed an orc sorcerer
  4882 | Orc:1    | Reached skill level 6 in Short Blades
  4882 | Orc:1    | Reached skill level 6 in Axes
  4882 | Orc:1    | Reached skill level 6 in Maces & Flails
  4882 | Orc:1    | Reached skill level 6 in Polearms
  4882 | Orc:1    | Reached skill level 6 in Staves
  4882 | Orc:1    | Reached skill level 6 in Slings
  4882 | Orc:1    | Reached skill level 6 in Bows
  4882 | Orc:1    | Reached skill level 6 in Crossbows
  4882 | Orc:1    | Reached skill level 6 in Throwing
  4882 | Orc:1    | Reached skill level 6 in Stealth
  4882 | Orc:1    | Reached skill level 6 in Shields
  4882 | Orc:1    | Reached skill level 6 in Unarmed Combat
  4882 | Orc:1    | Reached skill level 6 in Conjurations
  4882 | Orc:1    | Reached skill level 6 in Hexes
  4882 | Orc:1    | Reached skill level 9 in Charms
  4882 | Orc:1    | Reached skill level 6 in Summonings
  4882 | Orc:1    | Reached skill level 6 in Necromancy
  4882 | Orc:1    | Reached skill level 6 in Translocations
  4882 | Orc:1    | Reached skill level 6 in Transmutations
  4882 | Orc:1    | Reached skill level 6 in Fire Magic
  4882 | Orc:1    | Reached skill level 6 in Ice Magic
  4882 | Orc:1    | Reached skill level 6 in Air Magic
  4882 | Orc:1    | Reached skill level 6 in Earth Magic
  4882 | Orc:1    | Reached skill level 6 in Poison Magic
  4882 | Orc:1    | Reached skill level 6 in Invocations
  4882 | Orc:1    | Reached skill level 6 in Evocations
  4886 | Orc:1    | Killed an orc sorcerer
  4888 | Orc:1    | Reached skill level 8 in Spellcasting
  4889 | Orc:1    | Killed an orc sorcerer
  4890 | Orc:1    | HP: 8/86 [troll (5)]
  4892 | Orc:1    | HP: 3/86 [orc warlord/bolt (20)]
  4892 | Orc:1    | Mangled by a troll

Vault maps used:
D:1:      lemuel_arrival_tunnels
D:2:      gammafunk_temple_overflow_statue, uniq_robin
D:3:      minitemple, first_bread, serial_bayou_pond_b, uniq_jessica
D:4:      old_standard_altar
D:5:      grunt_temple_overflow_open, old_standard_altar,
          minmay_temple_entry_poolview, serial_shops, kennysheep_little_box
D:6:      uniq_pikel
D:7:      uniq_prince_ribbit1
D:8:      cheibrodos_iron_armory, gammafunk_temple_overflow_elements,
          st_stairs_13
D:9:      bloody_trog, yredelemnul_altar_generic,
          nicolae_dithmenos_shadow_blocks, david_nohive_1, tso_altar
D:11:     lair_entry_dummy
D:12:     david_orc_5
Temple:   compressed_dpeg_triangle_lava_temple
Orc:1:    minmay_orc_temple_a

Skill      XL: |  1  2  3  4  5  6  7  8  9 10 11 |
---------------+----------------------------------+-----
Spellcasting   | 5 6 7 8 |  8.0
Short Blades   | 1 2 3 4 5 6 |  6.2
Axes           | 1 2 3 4 5 6 |  6.2
Maces & Flails | 1 2 3 4 5 6 |  6.2
Polearms       | 1 2 3 4 5 6 |  6.2
Staves         | 1 2 3 4 5 6 |  6.2
Slings         | 1 2 3 4 5 6 |  6.2
Bows           | 1 2 3 4 5 6 |  6.2
Crossbows      | 1 2 3 4 5 6 |  6.2
Throwing       | 1 2 3 4 5 6 |  6.2
Stealth        | 1 2 3 4 5 6 |  6.2
Shields        | 1 2 3 4 5 6 |  6.2
Unarmed Combat | 1 2 3 4 5 6 |  6.2
Conjurations   | 1 2 3 4 5 6 |  6.2
Hexes          | 1 2 3 4 5 6 |  6.2
Summonings     | 1 2 3 4 5 6 |  6.2
Necromancy     | 1 2 3 4 5 6 |  6.2
Translocations | 1 2 3 4 5 6 |  6.2
Transmutations | 1 2 3 4 5 6 |  6.2
Fire Magic     | 1 2 3 4 5 6 |  6.2
Ice Magic      | 1 2 3 4 5 6 |  6.2
Air Magic      | 1 2 3 4 5 6 |  6.2
Earth Magic    | 1 2 3 4 5 6 |  6.2
Poison Magic   | 1 2 3 4 5 6 |  6.2
Invocations    | 1 2 3 4 5 6 |  6.2
Evocations     | 1 2 3 4 5 6 |  6.2
Armour         | 3 4 5 6 |  6.7
Fighting       | 5 6 7 |  7.8
Long Blades    | 5 6 7 |  7.8
Dodging        | 5 6 7 |  7.8
Charms         | 7 8 9 |  9.1

Action                   |  1- 3 |  4- 6 |  7- 9 | 10-12 || total
-------------------------+-------+-------+-------+-------++-------
Melee: Falchion          |    78 |   137 |    23 |       ||   238
       Bite              |     6 |    23 |    12 |    25 ||    66
       Punch             |       |     1 |     5 |     5 ||    11
       Broad axe         |       |       |    88 |   176 ||   264
 Cast: Infusion          |     3 |       |       |       ||     3
       Song of Slaying   |     6 |     7 |     4 |    11 ||    28
       Shroud of Golubri |     2 |     4 |     7 |     7 ||    20
       Spectral Weapon   |     4 |    13 |    17 |    10 ||    44
       Regeneration      |       |     2 |     3 |     9 ||    14
Invok: Slouch            |       |       |       |     2 ||     2
Evoke: Wand              |       |       |       |     5 ||     5
  Use: Scroll            |       |       |     3 |    17 ||    20
       Potion            |       |       |     1 |     6 ||     7
 Stab: Sleeping          |     1 |     1 |     2 |     5 ||     9
       Distracted        |       |     2 |     1 |     1 ||     4
  Eat: Chunk             |       |     4 |     4 |     3 ||    11
       Fruit             |       |       |     3 |       ||     3
Armor: Leather armour    |    13 |       |       |       ||    13
       Ring mail         |     1 |    48 |    39 |    23 ||   111
       Skin              |       |       |     2 |    40 ||    42
       Troll leather arm |       |       |       |    23 ||    23
Dodge: Dodged            |    62 |   107 |   103 |   270 ||   542
       Rpst.: Falchion   |    17 |    33 |     6 |       ||    56

Table legend:
 A = Spawn XP
 B = Non-spawn XP
 C = Spawn XP percentage of total XP
 D = Spawn monster count
 E = Non-spawn monster count
 F = Spawn count percentage of total count
 G = Total turns spent on level
                    A         B        C        D         E        F      G
               +---------+---------+-------+---------+---------+-------+---------
         Total |       0 |   13171 |   0.0 |       0 |     259 |   0.0 |  4892
               +---------+---------+-------+---------+---------+-------+---------
           D:1 |       0 |      33 |   0.0 |       0 |      20 |   0.0 |   430
           D:2 |       0 |     102 |   0.0 |       0 |      28 |   0.0 |   441
           D:3 |       0 |     140 |   0.0 |       0 |      23 |   0.0 |   376
           D:4 |       0 |     132 |   0.0 |       0 |      10 |   0.0 |   319
           D:5 |       0 |     249 |   0.0 |       0 |      13 |   0.0 |   395
           D:6 |       0 |    1114 |   0.0 |       0 |      14 |   0.0 |   479
           D:7 |       0 |     205 |   0.0 |       0 |       1 |   0.0 |   345
           D:8 |       0 |    2399 |   0.0 |       0 |      23 |   0.0 |   407
           D:9 |       0 |    2858 |   0.0 |       0 |      42 |   0.0 |   546
          D:10 |       0 |    1888 |   0.0 |       0 |      26 |   0.0 |   450
          D:11 |       0 |    1172 |   0.0 |       0 |      16 |   0.0 |   390
          D:12 |       0 |     665 |   0.0 |       0 |      26 |   0.0 |   254
         Orc:1 |       0 |    2214 |   0.0 |       0 |      17 |   0.0 |    12
               +---------+---------+-------+---------+---------+-------+---------

Table legend:
 A = Turns spent in this place as a percentage of turns spent in the entire game.
 B = Non-inter-level travel turns spent in this place as a percentage of non-inter-level travel turns spent in the entire game.
 C = Inter-level travel turns spent in this place as a percentage of turns spent in this place.
 D = Turns resting spent in this place as a percentage of non-inter-level travel turns spent in this place.
 E = Turns spent auto-exploring this place as a percentage of non-inter-level travel turns spent in this place.
 F = Non-inter-level travel turns spent in this place divided by the number of levels of this place that you've seen.
                   A       B       C       D       E      F
               +-------+-------+-------+-------+-------+----------------------
         Total | 100.0 | 100.0 |   7.2 |   0.1 |   0.0 | 324.4
       Dungeon |  98.8 |  98.8 |   7.1 |   0.1 |   0.0 | 374.0
        Temple |   1.0 |   0.9 |  14.6 |   0.0 |   0.0 |  41.0
  Orcish Mines |   0.2 |   0.3 |   0.0 |   0.0 |   0.0 |  12.0
               +-------+-------+-------+-------+-------+----------------------

Table legend:
 A = Kills in this place as a percentage of kills in entire the game.
 B = Kills by you in this place as a percentage of kills by you in the entire game.
 C = Kills by friends in this place as a percentage of kills by friends in the entire game.
 D = Other kills in this place as a percentage of other kills in the entire game.
 E = Experience gained in this place as a percentage of experience gained in the entire game.
 F = Experience gained in this place divided by the number of levels of this place that you have seen.
                   A       B       C       D       E      F
               +-------+-------+-------+-------+-------+----------------------
         Total | 100.0 | 100.0 |   N/A | 100.0 | 100.0 | 940.8
       Dungeon |  93.4 |  93.4 |   N/A | 100.0 |  83.2 | 913.1
  Orcish Mines |   6.6 |   6.6 |   N/A |   0.0 |  16.8 | 2214.0
               +-------+-------+-------+-------+-------+----------------------

Vault maps used:
D:1:      lemuel_arrival_tunnels
D:2:      gammafunk_temple_overflow_statue, uniq_robin
D:3:      minitemple, first_bread, serial_bayou_pond_b, uniq_jessica
D:4:      old_standard_altar
D:5:      grunt_temple_overflow_open, old_standard_altar,
          minmay_temple_entry_poolview, serial_shops, kennysheep_little_box
D:6:      uniq_pikel
D:7:      uniq_prince_ribbit1
D:8:      cheibrodos_iron_armory, gammafunk_temple_overflow_elements,
          st_stairs_13
D:9:      bloody_trog, yredelemnul_altar_generic,
          nicolae_dithmenos_shadow_blocks, david_nohive_1, tso_altar
D:11:     lair_entry_dummy
D:12:     david_orc_5
Temple:   compressed_dpeg_triangle_lava_temple
Orc:1:    minmay_orc_temple_a
